Map: Ruins of Seras

Players

FruitBat

  • Race: Zerg Zerg

Bop - Winner!

  • Race: Zerg Zerg

VOD

Have the link to the VOD?

Description

Time

  • Played on: May 1, 2015, 5:30 p.m.
  • Length: 4:49
Show
View Real Time Build Order
Export as new Build Order

FruitBat Zerg 

Build Orders: Pool First 

Get SALT Encoding   

  12  0:01  Drone  
  13  0:13  Overlord  
  13  0:18  Drone  
  14  0:31  Drone  
  14  0:32  Drone  
  16  0:36  Drone  
  17  0:45  Spawning Pool  
  16  0:51  Drone  
  16  0:54  Extractor  
  16  1:13  Hatchery  
  16  1:15  Drone  
  16  1:19  Drone  
  16  1:23  Drone  
  18  1:35  Queen  
  20  1:40  Zergling x2  
  20  1:44  Drone  
  22  1:53  Overlord  
  22  1:56  Metabolic Boost  
  22  2:13  Drone x2  
  22  2:15  Queen  
  26  2:23  Overlord  
  26  2:30  Queen  
  26  2:33  Drone  
  29  2:43  Drone, Baneling Nest  
  29  2:47  Drone  
  29  2:50  Drone  
  31  2:52  Drone  
  31  2:58  Drone x2  
  33  3:00  Zergling x2  
  33  3:04  Zergling x2  
  35  3:06  Zergling x2  
  35  3:10  Drone  
  37  3:18  Zergling x2  
  38  3:23  Zergling x4  
  40  3:27  Baneling x2  
  40  3:28  Baneling  
  40  3:30  Lair  
  40  3:33  Drone x2  
  42  3:34  Zergling x2  
  42  3:35  Zergling x2  
  41  3:53  Zergling x6  
  41  3:55  Overlord x2  
  44  4:02  Zergling x6  
  41  4:03  Zergling x4  
  34  4:10  Zergling x4  
  31  4:27  Baneling x3  
  31  4:28  Zergling x2  
  31  4:29  Zergling x6  
Show
View Real Time Build Order
Export as new Build Order

Bop Zerg - Winner!

Build Orders: Hatch First, Zergling Baneling 

Get SALT Encoding   

  12  0:02  Drone  
  13  0:09  Drone  
  14  0:17  Overlord  
  14  0:30  Drone, Extractor  
  15  0:37  Drone x2  
  17  0:54  Hatchery  
  16  0:58  Drone  
  16  0:59  Extractor  
  16  1:01  Drone  
  17  1:16  Spawning Pool  
  16  1:19  Drone  
  16  1:23  Drone  
  18  1:28  Drone  
  19  1:40  Overlord  
  19  1:49  Drone  
  20  2:03  Queen  
  20  2:05  Metabolic Boost  
  20  2:07  Queen  
  24  2:10  Zergling x2  
  24  2:13  Drone  
  26  2:17  Drone  
  26  2:22  Drone  
  28  2:29  Baneling Nest  
  27  2:31  Zergling x2  
  27  2:33  Zergling x2  
  29  2:43  Overlord  
  29  2:52  Zergling x2  
  29  2:53  Zergling x4  
  32  3:01  Zergling x4  
  34  3:10  Zergling x2  
  35  3:16  Zergling x10  
  40  3:22  Zergling x4  
  40  3:23  Zergling x4  
  44  3:28  Baneling x2  
  44  3:30  Overlord  
  43  3:47  Zergling x10  
  42  3:59  Zergling x12  
  45  4:10  Zergling x4  
  45  4:18  Overlord  
  45  4:22  Zergling x6  
  43  4:27  Baneling x6  
Tags
 
Add a new tag
Caveats
  • Supply blocks, unpowered buildings, or Contaminate may cause inaccurate times.
  • Supply counts are checked every 10 seconds.